 Dungeon Crawl Stone Soup version 0.28.0-53-g5a82cb258f (webtiles) character file.

Game seed: 16930392053122187266

21 Sin92 the Skirmisher (level 2, 0/24 HPs)
             Began as a Demonspawn Fighter on July 12, 2022.
             Slain by a ball python (1 damage)
             ... on level 2 of the Dungeon.
             The game lasted 00:00:47 (950 turns).

Sin92 the Skirmisher (Demonspawn Fighter)            Turns: 950, Time: 00:00:48

Health: 0/24       AC:  7    Str: 16    XL:     2   Next: 62%
Magic:  2/2        EV:  6    Int:  9    God:
Gold:   40         SH:  4    Dex: 12    Spells: 2/2 levels left

rFire   . . .      SeeInvis .   a - +0 war axe
rCold   . . .      Faith    .   c - +0 buckler
rNeg    . . .      Spirit   .   b - +0 scale mail
rPois   .          Reflect  .   (no helmet)
rElec   .          Harm     .   (no cloak)
rCorr   .          Rampage  .   f - +0 pair of gloves
Will    .....                   (no boots)
Stlth   ..........              (no amulet)
HPRegen 0.08/turn               (no ring)
MPRegen 0.08/turn               (no ring)

@: lethally poisoned (0 -> -2), constricted
A: powered by pain 1
a: no special abilities


You were on level 2 of the Dungeon.
You visited 1 branch of the dungeon, and saw 2 of its levels.

You collected 40 gold pieces.

Inventory:

Hand Weapons
 a - a +0 war axe (weapon)
Armour
 b - a +0 scale mail (worn)
 c - a +0 buckler (worn)
 f - a +0 pair of gloves (worn)
Jewellery
 e - an amulet of faith
 k - a ring of see invisible
Scrolls
 g - 2 scrolls of vulnerability {unknown}
Potions
 d - a potion of might
 h - a potion of heal wounds {unknown}
 j - a potion of curing {unknown}
 m - a potion of lignification {unknown}


   Skills:
 + Level 3.1 Fighting
 * Level 2.2 Axes
 + Level 2.8 Armour
 + Level 0.4 Dodging
 + Level 2.8 Shields
 + Level 0.5 Spellcasting


You had 2 spell levels left.
You didn't know any spells.
Your spell library contained the following spells:

 Spells                   Type           Power      Damage    Failure   Level
 Confusing Touch          Hex            0%         N/A       99%         3
 Yara's Violent Unravell  Hex/Tmut       0%         3d3       100%        5
 Enfeeble                 Hex            0%         N/A       100%        7


Dungeon Overview and Level Annotations

Branches:
Dungeon (2/15)

Altars:

Shops:
D:1 [


Innate Abilities, Weirdness & Mutations

You sometimes gain a little power by taking damage.


Message History

There are monsters nearby!
Unknown command.
You are too injured to fight recklessly!
You closely miss the adder.
The adder is lightly wounded.
You barely miss the ball python.
The ball python bites you but does no damage.
The ball python constricts you. The adder bites you.
You block the ball python's attack. The ball python constricts you.
Unknown command.
You closely miss the adder.
The adder is lightly wounded.
You closely miss the ball python. x2; The adder bites you.
The ball python bites you.
* * * LOW HITPOINT WARNING * * *
The ball python constricts you. You block the adder's attack.
The ball python bites you but does no damage. x2
The ball python constricts you.
You closely miss the adder.
The adder is lightly wounded.
You hit the ball python. You closely miss the ball python.
The adder bites you but does no damage. The ball python bites you.
* * * LOW HITPOINT WARNING * * *
The ball python barely misses you. The ball python constricts you.
The adder bites you.
* * * LOW HITPOINT WARNING * * *
You are lethally poisoned!
The adder poisons you!
The ball python bites you but does no damage.
Unknown command.
You closely miss the adder.
The adder is lightly wounded.
You barely miss the ball python. x2
* * * LOW HITPOINT WARNING * * *
You feel sick.
The ball python bites you but does no damage.
The ball python constricts you. You block the adder's attack.
The ball python bites you but does no damage.
The ball python bites you.
You die...

####..... #...
.....<... ....
.......... .....
#.!........##...#.
#.............$...
#...............
#.....>..SSS.#
#.........@#
#..........#
#......†).##
###.#...#####
#.........#
####.#####.#
#..........#
#.##.####..#
#.##.# #..#


You could see an adder and 2 ball pythons.

Vanquished Creatures
  A dart slug (D:1)
  2 endoplasms (D:1)
  A giant cockroach (D:1)
  3 goblins
  4 hobgoblins
  A quokka (D:2)
  3 ball pythons
  A kobold (D:1)
16 creatures vanquished.

Vanquished Creatures (others)
  2 withered plants (D:2)
2 creatures vanquished.

Grand Total: 18 creatures vanquished

Notes
Turn   | Place    | Note
-------+----------+-------------------------------------------
     0 | D:1      | Sin92 the Demonspawn Fighter began the quest for the Orb.
     0 | D:1      | Reached XP level 1. HP: 18/18 MP: 1/1
   218 | D:1      | Gained mutation: You sometimes gain a little power by
                  | taking damage. [demonic ancestry]
   218 | D:1      | Reached XP level 2. HP: 24/24 MP: 2/2
   231 | D:1      | Found Giujuen's Antique Armour Shoppe.
   950 | D:2      | HP: 1/24 [poisoned by an adder]
   950 | D:2      | Slain by a ball python

Illustrated notes

Levels and vault maps discovered:
D:1:      ncdulo_smallfort, layout_basic, serial_shops, shop, minivault_4
D:2:      layout_loops_ring, ebering_ecumenical_altar_petrified, uniq_robin

Skill      XL: |  1 |
---------------+----+-----
Axes           | 2 |  2.2
Fighting       | |  3.1
Armour         | |  2.8
Dodging        | |  0.4
Shields        | |  2.8
Spellcasting   | |  0.5

Action                   || total
-------------------------++-------
Melee: War axe           ||    46
  Use: Scroll            ||     3
Armor: Scale mail        ||    25
Dodge: Dodged            ||    16
Block: Buckler           ||    15
